 Dungeon Crawl Stone Soup version 0.31-a0-365-gcf821cafb2 (webtiles) character file.

Game seed: 6594650576965014920

1540 Newt the Poker (level 8, 0/62 HPs)
             Began as a Merfolk Fighter on July 27, 2023.
             Slain by a vampire mosquito (6 damage)
             ... on level 7 of the Dungeon.
             The game lasted 00:07:15 (5265 turns).

Newt the Poker (Merfolk Fighter)                    Turns: 5265, Time: 00:07:15

Health: 0/62       AC:  9    Str: 18    XL:     8   Next: 86%
Magic:  14/14      EV: 12    Int:  8    God:
Gold:   95         SH:  0    Dex: 13    Spells: 11/15 levels left

rFire   . . .        e - +4 glaive (protect)
rCold   . . .        (shield currently unavailable)
rNeg    + . .        w - +3 leather armour
rPois   .            (no helmet)
rElec   .            q - +0 cloak
rCorr   .            h - +0 pair of gloves
SInv    .            z - +0 pair of boots
Will    .....        r - amulet of the acrobat
Stlth   +            l - ring of positive energy
HPRegen 0.30/turn    (no ring)
MPRegen 0.14/turn

%: acrobat
@: mighty
A: (nimble swimmer 2), mertail
a: no special abilities


You were on level 7 of the Dungeon.
You visited 1 branch of the dungeon, and saw 7 of its levels.

You collected 318 gold pieces.
You spent 223 gold pieces at shops.

Inventory:

Hand Weapons
 a - a +0 trident
 e - a +4 glaive of protection (weapon)
Armour
 b - a +0 scale mail
 c - a +0 buckler
 h - a +0 pair of gloves (worn)
 q - a +0 cloak (worn)
 w - a +3 leather armour (worn)
 z - a +0 pair of boots (worn)
Jewellery
 l - a ring of positive energy (left hand)
 r - an amulet of the acrobat (around neck)
Scrolls
 o - 2 scrolls of enchant armour {unknown}
 s - 2 scrolls of revelation {unknown}
 t - a scroll of amnesia {unknown}
 u - a scroll of fog {unknown}
 v - 2 scrolls of vulnerability {unknown}
 y - a scroll of brand weapon
Potions
 d - 2 potions of might
 f - a potion of haste
 i - 4 potions of attraction
 j - 2 potions of brilliance
 k - a potion of resistance
 m - 2 potions of enlightenment
 p - 2 potions of degeneration


   Skills:
 - Level 5.0 Fighting
 - Level 5.0(6.0) Polearms
 - Level 3.1(3.7) Staves
 - Level 2.1 Armour
 - Level 3.0 Dodging
 - Level 3.0 Shields
 + Level 4.4 Spellcasting
 + Level 4.5 Summonings
 + Level 4.9 Ice Magic


You had 11 spell levels left.
You knew the following spells:

 Your Spells              Type           Power      Damage    Failure   Level
a - Summon Ice Beast      Ice/Summ       9%         N/A       43%         4

Your spell library contained the following spells:

 Spells                   Type           Power      Damage    Failure   Level
 Hailstorm                Conj/Ice       5%         3d4       34%         3
 Animate Dead             Necr           1%         N/A       97%         4
 Borgnjor's Vile Clutch   Necr/Erth      0%         N/A       100%        5
 Death Channel            Necr           0%         N/A       100%        6
 Simulacrum               Ice/Necr       2%         N/A       100%        6


Dungeon Overview and Level Annotations

Branches:
Dungeon (7/15)
 Temple: D:4-7

Altars:

Shops:
D:6 *?(?*


Innate Abilities, Weirdness & Mutations

((You are very nimble when in or above water. (Stealth+, EV+, Speed+++)))
Your lower body shifts to a powerful aquatic tail in water.


Message History

The vampire mosquito bites you.
* * * LOW HITPOINT WARNING * * *
The vampire mosquito barely misses you.
You miss the vampire mosquito. The vampire mosquito bites you!
* * * LOW HITPOINT WARNING * * *
The vampire mosquito draws strength from your injuries!
The vampire mosquito barely misses you.
You are confused.
You feel invigorated. The vampire mosquito bites you.
* * * LOW HITPOINT WARNING * * *
The vampire mosquito draws strength from your injuries!
The vampire mosquito barely misses you.
Unknown command.
You bump into the rock wall.
The vampire mosquito closely misses you.
The vampire mosquito bites you.
* * * LOW HITPOINT WARNING * * *
The vampire mosquito draws strength from your injuries!
You closely miss the vampire mosquito.
You feel less invigorated.
You feel less confused. The vampire mosquito bites you.
* * * LOW HITPOINT WARNING * * *
The vampire mosquito draws strength from your injuries!
The vampire mosquito closely misses you.
The vampire mosquito bites you but does no damage.
You miss the vampire mosquito. The vampire mosquito barely misses you.
The vampire mosquito completely misses you.
The vampire mosquito bites you but does no damage.
Unknown command.
You have nothing you can fire or use right now.
Okay, then.
You feel better. The vampire mosquito bites you.
* * * LOW HITPOINT WARNING * * *
You closely miss the vampire mosquito.
The vampire mosquito bites you but does no damage.
The vampire mosquito misses you. The vampire mosquito bites you.
* * * LOW HITPOINT WARNING * * *
Unknown command.
You barely miss the vampire mosquito. The vampire mosquito bites you.
You die...

..###.# .......
#.#.#.#
..#####.#.#.#
#......<#.#.# ##
#.#####.#.#.##..###
#.........ol.......
..#######.#y###.#.
.....)..#@#
####.####)# #. ...
.. #...# .. ..... .
#...... .......
...#..###


You could see a vampire mosquito, an iguana and an orc.

Vanquished Creatures
  A vampire mosquito (D:7)
  2 black bears
  2 ice beasts (D:5)
  2 centaurs (D:5)
  A scorpion (D:5)
  3 wights
  2 electric eels (D:6)
  3 howler monkeys (D:7)
  4 hounds
  2 orc priests
  3 iguanas
  2 orc wizards (D:5)
  Robin (D:2)
  3 gnolls (D:4)
  3 adders
  An ufetubus (D:4)
  A worm (D:2)
  4 dart slugs
  12 orcs
  8 bats
  6 endoplasms
  2 giant cockroaches
  18 goblins
  7 hobgoblins
  7 jackals
  3 quokkas
  8 ball pythons
  6 frilled lizards
  4 kobolds
  2 rats
123 creatures vanquished.

Notes
Turn   | Place    | Note
-------+----------+-------------------------------------------
     0 | D:1      | Newt the Merfolk Fighter began the quest for the Orb.
     0 | D:1      | Reached XP level 1. HP: 18/18 MP: 1/1
    24 | D:1      | Reached skill level 1 in Dodging
   207 | D:1      | Reached XP level 2. HP: 24/24 MP: 2/2
   256 | D:1      | Found a faded altar of an unknown god.
   333 | D:1      | Reached XP level 3. HP: 29/29 MP: 3/3
   608 | D:2      | Noticed Robin
   634 | D:2      | Killed Robin
   635 | D:2      | Reached XP level 4. HP: 12/35 MP: 4/4
   879 | D:2      | Identified a scroll of acquirement
   879 | D:2      | Acquired a +2 glaive of protection
  1056 | D:2      | Reached skill level 5 in Polearms
  1575 | D:3      | Reached skill level 1 in Staves
  1578 | D:3      | Reached XP level 5. HP: 41/41 MP: 5/5
  2843 | D:5      | Entered Level 5 of the Dungeon
  2870 | D:5      | Reached XP level 6. HP: 39/47 MP: 6/6
  3003 | D:5      | Noticed an ice beast
  3008 | D:5      | Killed an ice beast
  3008 | D:5      | Noticed a black bear
  3055 | D:5      | Reached skill level 5 in Fighting
  3055 | D:5      | Reached skill level 1 in Spellcasting
  3183 | D:5      | Reached skill level 1 in Summonings
  3183 | D:5      | Reached skill level 1 in Ice Magic
  3183 | D:5      | Reached XP level 7. HP: 38/56 MP: 7/9
  3736 | D:5      | Reached XP level 8. HP: 57/62 MP: 12/12
  3966 | D:5      | Learned a level 4 spell: Summon Ice Beast
  4623 | D:6      | Found Taeqiq's Magic Scroll Shop.
  4642 | D:6      | Found Couh's General Store.
  4643 | D:6      | Found Heos's Magic Scroll Shop.
  4643 | D:6      | Found Heuter's Weapon Shop.
  4646 | D:6      | Bought a scroll of identify for 22 gold pieces
  4646 | D:6      | Bought a scroll of brand weapon for 104 gold pieces
  4661 | D:6      | Bought a scroll of enchant weapon for 97 gold pieces
  4786 | D:6      | Found Badd's Elemental Accessories.
  5259 | D:7      | HP: 3/62 [vampire mosquito (6)]
  5265 | D:7      | Slain by a vampire mosquito

Illustrated notes

Levels and vault maps discovered:
D:1:      heliophobic_arrival_henge, layout_rooms,
          ebering_ecumenical_altar_abandoned
D:2:      layout_loops_cross, uniq_robin
D:3:      layout_rooms
D:4:      layout_basic, kennysheep_generic_room_3
D:5:      layout_basic
D:6:      layout_rooms, chequers_big_river, minmay_shop_grid_forest,
          nicolae_elemental_shop, nicolae_concentric_dashed_squares_wild,
          nicolae_zen_rock_garden
D:7:      layout_basic, minmay_temple_entry_arrows, gammafunk_ghost_icy,
          hangedman_decor_lopped

Skill      XL: |  1  2  3  4  5  6  7  8 |
---------------+-------------------------+-----
Dodging        | 2 3 |  3.0
Polearms       | 3 4 5 |  5.0
Staves         | 1 3 |  3.1
Fighting       | 5 |  5.0
Spellcasting   | 1 2 4 |  4.4
Summonings     | 1 2 4 |  4.5
Ice Magic      | 1 3 4 |  4.9
Armour         | |  2.1
Shields        | |  3.0

Action                     |  1- 3 |  4- 6 |  7- 9 || total
---------------------------+-------+-------+-------++-------
  Melee: Trident           |    89 |     7 |       ||    96
         Glaive            |       |   121 |   144 ||   265
    Use: Potion            |     1 |     1 |     4 ||     6
         Scroll            |       |     7 |     5 ||    12
 Armour: Scale mail        |    33 |    49 |       ||    82
         Leather armour    |       |    20 |    95 ||   115
  Dodge: Dodged            |    33 |    73 |   127 ||   233
  Block: Buckler           |    16 |       |       ||    16

Table legend: (Time is in decaauts)
 A = Elapsed time spent in this place.
 B = Non-inter-level travel time spent in this place.
 C = Inter-level travel time spent in this place.
 D = Time resting spent in this place.
 E = Time spent auto-exploring this place.
 F = Levels seen in this place.
 G = Mean time per level.
                   A        B        C        D        E       F      G
               +--------+--------+--------+--------+--------+-----+--------+
         Total |   5376 |   5149 |    227 |   1087 |   3199 |   7 |  768.0 |
       Dungeon |   5376 |   5149 |    227 |   1087 |   3199 |   7 |  768.0 |
               +--------+--------+--------+--------+--------+-----+--------+

Top non-repeatable levels by time:
     D:6: 1211 daAuts
     D:5: 1188 daAuts
     D:2: 998 daAuts
     D:4: 901 daAuts
     D:1: 588 daAuts
     D:3: 413 daAuts
     D:7: 74 daAuts
